 Dungeon Crawl Stone Soup version bcrawl-1.21 (webtiles) character file.

Game seed: 6818617535181109084

321 Mrkan the Cudgeler (level 6, 0/56 HPs)
             Began as a Minotaur Fighter on Feb 11, 2020.
             Was an Initiate of Okawaru.
             Slain by a gnoll
             ... wielding a +0 spear
              (3 damage)
             ... on level 3 of the Dungeon.
             The game lasted 00:04:26 (2775 turns).

Mrkan the Cudgeler (Minotaur Fighter)               Turns: 2775, Time: 00:04:27

Health: 0/56       AC:  8    Str: 25    XL:     6   Next: 22%
Magic:  5/5        EV:  8    Int:  5    God:    Okawaru [......]
Gold:   196        SH: 10    Dex: 12    Spells: 5/5 levels left

rFire    . . .     SeeInvis .   a - +0 flail
rCold    . . .     Gourm    .   c - +0 shield
rNeg     . . .     Faith    .   b - +0 scale mail
rPois    .         Spirit   .   l - +1 hat
rElec    .         Reflect  .   (no cloak)
rCorr    .         Harm     .   (no gloves)
MR       .....                  (no boots)
Stlth    ..........             (no amulet)
HPRegen  0.18/turn              (no ring)
MPRegen  0.09/turn              (no ring)

@: mighty
A: retaliatory headbutt, horns 2
a: Renounce Religion


You were on level 3 of the Dungeon.
You worshipped Okawaru.
Okawaru was noncommittal.
You were not hungry.

You visited 1 branch of the dungeon, and saw 3 of its levels.

You collected 196 gold pieces.

Inventory:

Hand Weapons
 a - a +0 flail (weapon)
Armour
 b - a +0 scale mail (worn)
 c - a +0 shield (worn)
 l - a +1 hat (worn)
Scrolls
 f - 2 scrolls of identify {unknown}
 i - 2 scrolls of enchant armour {unknown}
 j - a scroll of teleportation {unknown}
 m - a scroll of immolation {unknown}
 o - 2 scrolls of amnesia {unknown}
 p - 3 scrolls of remove curse {unknown}
 q - a scroll of fog {unknown}
Potions
 g - a potion of cancellation {unknown}
 h - a potion of brilliance {unknown}
 k - a potion of agility {unknown}
 n - a potion of curing {unknown}
Comestibles
 e - 3 rations {!d}


   Skills:
 + Level 5.0 Fighting
 * Level 5.3 Maces & Flails
 + Level 5.0 Armour
 + Level 4.9 Shields


You had 5 spell levels left.
You didn't know any spells.
Your spell library was empty.

Dungeon Overview and Level Annotations

Branches:
Dungeon (3/12)

Altars:
Ashenzari
Okawaru
Uskayaw
Vehumet


Innate Abilities, Weirdness & Mutations

You reflexively headbutt those who attack you in melee.
You have a pair of horns on your head.


Message History

You furiously retaliate!
You headbutt the gnoll. The sky beast hits you.
* * * LOW HITPOINT WARNING * * *
The sky beast shocks you.
* * * LOW HITPOINT WARNING * * *
You barely miss the sky beast. Your headbutt misses the sky beast.
The sky beast is heavily wounded.
You block the bat's attack. The gnoll hits you but does no damage.
The sky beast hits you but does no damage.
You block the gnoll's attack. The bat hits you but does no damage.
The bat barely misses you.
The gnoll hits you from afar with a +0 spear.
* * * LOW HITPOINT WARNING * * *
The bat hits you but does no damage.
The sky beast flickers out of sight!
Deactivating autopickup; reactivate with Ctrl-A.
You block the bat's attack. The bat barely misses you.
You feel very mighty all of a sudden. The bat hits you but does no damage. x2
The gnoll hits you from afar with a +0 spear.
You die...

......
≈≈≈≈≈P≈♣≈..#
.# #. ###...
≈P≈P≈≈≈♣...##.
## # ...
≈PP≈♣≈≈♣.....
≈≈≈≈P≈♣....#
≈P≈≈♣.....+
♣≈..)..## # ♣♣
♣..).≈..# .
♣P♣#....##.# .
+@bg....# # #
###.....# #≈
#.....# ♣≈
#.....# ≈≈
#.....# ♣P
#.....# ♣≈
#.....# ♣≈
#.....# ≈≈
#.....# ♣


You could see a gnoll and a bat.

Vanquished Creatures
  An ogre (D:3)
  An orc priest (D:3)
  A worker ant (D:3)
  2 adders
  5 gnolls (D:3)
  4 worms
  3 dart slugs (D:2)
  8 leopard geckos
  7 orcs (D:3)
  4 giant cockroaches
  4 goblins
  7 hobgoblins
  4 jackals (D:1)
  6 kobolds
  3 quokkas
  2 ball pythons (D:1)
  9 bats
  6 frilled lizards
  14 rats
91 creatures vanquished.

Vanquished Creatures (others)
  A plant (D:3)
1 creature vanquished.

Grand Total: 92 creatures vanquished

Notes
Turn   | Place    | Note
-------+----------+-------------------------------------------
     0 | D:1      | Mrkan the Minotaur Fighter began the quest for the Orb.
     0 | D:1      | Reached XP level 1. HP: 19/19 MP: 0/0
    85 | D:1      | Reached XP level 2. HP: 27/27 MP: 1/1
   462 | D:1      | Reached XP level 3. HP: 33/33 MP: 2/2
   834 | D:2      | Found a hide-covered altar of Uskayaw.
   837 | D:2      | Found a radiant altar of Vehumet.
   851 | D:2      | Found an iron altar of Okawaru.
   856 | D:2      | Found a shattered altar of Ashenzari.
   862 | D:2      | Became a worshipper of Warmaster Okawaru
   974 | D:2      | Reached XP level 4. HP: 40/40 MP: 3/3
  1699 | D:3      | Reached XP level 5. HP: 38/47 MP: 4/4
  2499 | D:3      | Noticed an ogre
  2512 | D:3      | Killed an ogre
  2512 | D:3      | Reached skill level 5 in Maces & Flails
  2512 | D:3      | Reached XP level 6. HP: 37/55 MP: 5/5
  2746 | D:3      | Noticed a sky beast
  2757 | D:3      | Reached skill level 5 in Armour
  2759 | D:3      | Reached skill level 5 in Fighting
  2775 | D:3      | Slain by a gnoll

Skill      XL: |  1  2  3  4  5  6 |
---------------+-------------------+-----
Maces & Flails | 3 4 5 |  5.3
Armour         | 4 5 |  5.0
Shields        | 4 |  4.9
Fighting       | 4 5 |  5.0

Action                   |  1- 3 |  4- 6 || total
-------------------------+-------+-------++-------
Melee: Flail             |   104 |   130 ||   234
       Headbutt          |    12 |    26 ||    38
  Use: Potion            |       |     1 ||     1
  Eat: Chunk             |       |     6 ||     6
Armor: Scale mail        |    71 |    76 ||   147
Dodge: Dodged            |    43 |    47 ||    90
Block: Shield            |    74 |    83 ||   157
